 Dungeon Crawl Stone Soup version 0.25-a0-246-g58704a1ebd (webtiles) character file.

Game seed: 16506287827660265861, levelgen mode: classic

112 Borgoz the Shield-Bearer (level 4, -3/29 HPs)
             Began as a Gargoyle Fighter on Dec 3, 2019.
             Killed by divine providence
             ... invoked by an orc priest
              (12 damage)
             ... on level 3 of the Dungeon.
             The game lasted 00:02:18 (2209 turns).

Borgoz the Shield-Bearer (Gargoyle Fighter)         Turns: 2209, Time: 00:02:18

Health: -3/29      AC: 11    Str: 25    XL:     4   Next: 95%
Magic:  4/4        EV:  7    Int:  9    God:
Gold:   94         SH:  9    Dex:  9    Spells: 3/3 levels left

rFire    . . .     SeeInvis .   a - +0 flail
rCold    . . .     Gourm    .   c - +0 shield
rNeg     + . .     Faith    .   b - +0 scale mail
rPois    ∞         Spirit   .   (no helmet)
rElec    +         Reflect  .   p - +0 cloak
rCorr    .         Harm     .   (no gloves)
MR       .....                  (no boots)
Stlth    ..........             (no amulet)
HPRegen  0.09/turn              (no ring)
MPRegen  0.09/turn              (no ring)

@: mighty, flying, heavily drained
A: negative energy resistance 1, electricity resistance, unbreathing,
petrification resistance, rot immunity, AC +3
a: no special abilities


You were on level 3 of the Dungeon.
You were hungry.

You visited 1 branch of the dungeon, and saw 3 of its levels.

You collected 94 gold pieces.

Inventory:

Hand Weapons
 a - a +0 flail (weapon)
Armour
 b - a +0 scale mail (worn)
 c - a +0 shield (worn)
 p - a +0 cloak (worn)
Scrolls
 e - 3 scrolls of magic mapping
 g - 2 scrolls of teleportation
 h - a scroll of fog {unknown}
 i - a scroll of immolation {unknown}
 k - a scroll of amnesia
 o - a scroll of enchant armour {unknown}
Potions
 d - a potion of might
 j - a potion of cancellation
 l - 2 potions of berserk rage
 m - a potion of haste
Comestibles
 f - 4 rations
 q - a chunk of flesh


   Skills:
 + Level 4.1(2.5) Fighting
 * Level 3.1(1.6) Maces & Flails
 + Level 4.0(2.4) Armour
 + Level 4.1(2.5) Shields


You had 3 spell levels left.
You didn't know any spells.
Your spell library was empty.

Dungeon Overview and Level Annotations

Branches:
Dungeon (3/15)

Altars:
Cheibriados


Innate Abilities, Weirdness & Mutations

You are resistant to torment.
Your stone body is resilient. (AC +3)
You are immune to poison.
You resist negative energy. (rN+)
You are resistant to electric shocks. (rElec)
You can survive without breathing.
You are immune to petrification.
You are immune to rotting.


Message History

There are no objects that can be picked up here. a jackal corpse
There are no objects that can be picked up here. a jackal corpse Unknown command.
You feel very mighty all of a sudden. Something hits you but does no damage.
You miss something. Something hits you but does no damage.
The orc wizard casts a spell.
The orc wizard blinks!
Something hits you but does no damage.
You miss something. Something hits you.
You hear some strange, mumbled words.
A puff of flame appears from out of thin air!
The puff of flame misses you.
You barely miss something. Something hits you but does no damage.
An orc priest comes into view.
Something hits you but does no damage.
The orc priest calls down the wrath of Beogh upon you.
Beogh smites you!
You die...

##)...###.... .[
#.<#.#####.# .# .#
.....#.....# ...## h#
......)...## ...###.###
....)).....# ...h...#
...........# #.....#.##
...........# #...)o...#
..........#########oo..###.#
.....#...#......@.ho...#
.##.#####..###########.#
.##.####..##........ ..[
.............####### ####
##..###..##### ........##
#..###### #.## #.#


You could see an orc priest, an orc wizard, 2 orcs and a jackal.

Vanquished Creatures
  Crazy Yiuf (D:2)
  Terence (D:2)
  2 adders (D:3)
  2 dart slugs
  A worm (D:3)
  A leopard gecko (D:3)
  An orc (D:3)
  5 bats
  3 giant cockroaches
  5 goblins
  A hobgoblin (D:1)
  4 jackals
  3 frilled lizards
  6 kobolds
  5 rats (D:1)
41 creatures vanquished.

Notes
Turn   | Place    | Note
-------+----------+-------------------------------------------
     0 | D:1      | Borgoz the Gargoyle Fighter began the quest for the Orb.
     0 | D:1      | Reached XP level 1. HP: 14/14 MP: 1/1
   446 | D:1      | Reached XP level 2. HP: 18/19 MP: 2/2
  1321 | D:2      | Found a snail-covered altar of Cheibriados.
  1367 | D:2      | Noticed Terence
  1371 | D:2      | Reached XP level 3. HP: 23/23 MP: 3/3
  1386 | D:2      | Killed Terence
  1778 | D:2      | Found a runed translucent door.
  1779 | D:2      | Noticed Crazy Yiuf
  1791 | D:2      | Killed Crazy Yiuf
  1791 | D:2      | Reached XP level 4. HP: 29/29 MP: 4/4
  2209 | D:3      | Killed from afar by an orc priest

Levels and vault maps discovered:
D:1:      onia_arrival_larder, layout_basic
D:2:      layout_basic, cheibriados_altar_1, uniq_crazy_yiuf_cottage,
          uniq_terence
D:3:      layout_rooms

Skill      XL: |  1  2  3  4 |
---------------+-------------+-----
Shields        | 4 |  4.1
Fighting       | 4 |  4.1
Maces & Flails | 3 |  3.1
Armour         | 4 |  4.0

Action                   |  1- 3 |  4- 6 || total
-------------------------+-------+-------++-------
Melee: Flail             |   124 |    68 ||   192
Throw: Throwing net      |     1 |       ||     1
  Use: Scroll            |       |     6 ||     6
       Potion            |       |     2 ||     2
  Eat: Chunk             |     2 |     2 ||     4
Armor: Scale mail        |    58 |    83 ||   141
Dodge: Dodged            |    47 |    36 ||    83
Block: Shield            |    60 |    48 ||   108

Table legend:
 A = Non-vault XP
 B = Vault XP
 C = Vault XP percentage of total XP
 D = Non-vault monster count
 E = Vault monster count
 F = Vault count percentage of total count
                 A         B        C        D         E       F
            +---------+---------+-------+---------+---------+-------
      Total |      79 |      82 |  50.9 |      33 |       8 |  19.5
            +---------+---------+-------+---------+---------+-------
        D:1 |      23 |       7 |  23.3 |      13 |       6 |  31.6
        D:2 |      11 |      75 |  87.2 |       6 |       2 |  25.0
        D:3 |      45 |       0 |   0.0 |      14 |       0 |   0.0
            +---------+---------+-------+---------+---------+-------
